 Dungeon Crawl Stone Soup version 0.30-a0-948-g4fa250aae5 (webtiles) character file.

Game seed: 8850563864931333702

26309 Iniera the Basher (level 13, -3/122 HPs)
             Began as a Hill Orc Fighter on Mar 27, 2023.
             Was an Elder of Makhleb.
             Slain by Rupert
             ... wielding a +0 triple sword of flaming
              (35 damage)
             ... on level 3 of the Lair of Beasts.
             The game lasted 00:23:27 (16233 turns).

Iniera the Basher (Hill Orc Fighter)               Turns: 16233, Time: 00:23:28

Health: -3/122     AC: 24    Str: 24    XL:     13   Next: 25%
Magic:  0/21       EV:  7    Int:  8    God:    Makhleb [****..]
Gold:   775        SH:  9    Dex: 10    Spells: 12/12 levels left

rFire   + . .      SeeInvis .    F - +1 war axe (elec)
rCold   + . .      Faith    .    D - +1 kite shield {AC+3}
rNeg    . . .      Spirit   +    h - +1 plate armour
rPois   +          Reflect  .    I - +1 hat
rElec   +          Rampage  .    E - scarf {repulsion}
rCorr   +                        w - +1 pair of gloves
Will    .....                    j - +0 pair of boots Stlth
                                 y - amulet of guardian spirit
HPRegen 0.40/turn                (no ring)
MPRegen 0.17/turn                (no ring)

@: resistant, repel missiles
A: no striking features
a: Renounce Religion, Minor Destruction, Lesser Servant of Makhleb, Major
Destruction


You were on level 3 of the Lair of Beasts.
You worshipped Makhleb.
Makhleb was greatly pleased with you.
You visited 2 branches of the dungeon, and saw 16 of its levels.
You also visited: Sewer.

You collected 1003 gold pieces.
You spent 228 gold pieces at shops.

Inventory:

Hand Weapons
 b - a +0 whip of venom
 F - a +1 war axe of electrocution (weapon)
Missiles
 A - 3 throwing nets (quivered)
Armour
 h - a +1 plate armour (worn)
 j - a +0 pair of boots (worn)
 w - a +1 pair of gloves (worn)
 D - a +1 kite shield of protection (worn)
 E - a scarf of repulsion (worn)
 I - a +1 hat (worn)
Jewellery
 y - an amulet of guardian spirit (around neck)
Wands
 c - a wand of paralysis (11)
 i - a wand of mindburst (7)
 u - a wand of digging (5)
 C - a wand of roots (10)
 J - a wand of flame (9)
Scrolls
 a - a scroll of enchant weapon
 d - 3 scrolls of fear
 o - 2 scrolls of poison
 p - 6 scrolls of teleportation
 r - 2 scrolls of fog
 v - a scroll of magic mapping
 z - 2 scrolls of vulnerability
 G - 2 scrolls of identify
 H - a scroll of enchant armour
Potions
 e - 2 potions of heal wounds
 f - 4 potions of curing
 g - 5 potions of resistance
 k - 2 potions of cancellation
 l - a potion of haste
 m - a potion of flight {unknown}
 n - 2 potions of magic {unknown}
 s - 3 potions of mutation {unknown}
 t - a potion of invisibility
 x - 2 potions of brilliance {unknown}
 B - a potion of lignification {unknown}
Miscellaneous
 q - a phantom mirror


   Skills:
 + Level 13.1 Fighting
 + Level 13.9 Maces & Flails
 + Level 12.0 Armour
 - Level 3.9 Dodging
 - Level 3.2 Shields
 + Level 11.6 Invocations
 - Level 2.4 Evocations


You had 12 spell levels left.
You didn't know any spells.
Your spell library contained the following spells:

 Spells                   Type           Power      Damage    Failure   Level
 Slow                     Hex            0%         N/A       100%        1
 Cigotuvi's Dreadful Rot  Necr/Pois/Air  0%         N/A       100%        2
 Poisonous Vapours        Pois/Air       0%         N/A       100%        2
 Confusing Touch          Hex            0%         N/A       100%        3
 Dazzling Flash           Conj/Hex       0%         N/A       100%        3
 Ignite Poison            Fire/Tmut/Pois 0%         N/A       100%        3
 Inner Flame              Hex/Fire       0%         N/A       100%        3
 Kindle Blastsparks       Fire/Tloc/Air  0%         2d10      100%        3
 Mephitic Cloud           Conj/Pois/Air  0%         N/A       100%        3
 Stone Arrow              Conj/Erth      0%         3d7       100%        3
 Vampiric Draining        Necr           0%         2d6       100%        3
 Animate Armour           Summ/Erth      0%         N/A       100%        4
 Animate Dead             Necr           0%         N/A       100%        4
 Dispel Undead            Necr           0%         3d6       100%        4
 Flame Wave               Conj/Fire      0%         2d4       100%        4
 Sticky Flame             Conj/Fire      0%         2d3       100%        4
 Agony                    Necr           0%         N/A       100%        5
 Borgnjor's Vile Clutch   Necr/Erth      0%         N/A       100%        5
 Freezing Cloud           Conj/Ice/Air   0%         6-21      100%        5
 Silence                  Hex/Air        0%         N/A       100%        5
 Death Channel            Necr           0%         N/A       100%        6
 Lehudib's Crystal Spear  Conj/Erth      0%         10d2      100%        8


Dungeon Overview and Level Annotations

Branches:
Dungeon (13/15)            Temple (0/1) D:7            Lair (3/5) D:8
 Shoals (0/4) Lair:2        Snake (0/4) Lair:2          Orc (0/2) D:11
  Sewer (visited)
 Vaults: D:13-14

Altars:
Elyvilon
Gozag
Makhleb
Nemelex Xobeh
Ru
Trog
Yredelemnul
The Shining One

Shops:
D:3 =*?=?   D:7 *

Portals:
Trove: D:12 (give +8 demon whip)

Annotations:
D:11 2 transporters, Likado's ghost, journeyman TeSu
D:13 2 runed translucent doors
Lair:2 3 runed translucent doors, Palms's ghost, journeyman DrCj
Lair:3 Rupert


Message History

Keep disrobing? [Y]es or [N]o only, please.
Keep disrobing?
You stop removing your amulet.
Rupert burns you.
Rupert hits you with a +0 triple sword of flaming!!
Rupert burns you!
Unknown command.
Okay, then.
Really walk into that cloud of poison gas?
Rupert attacks as you move away! Rupert closely misses you.
You are engulfed in poison gas.
You are poisoned.
You feel very sick.
You are engulfed in poison gas.
You are more poisoned.
* * * LOW HITPOINT WARNING * * *
You feel very sick.
Rupert is engulfed in poison gas.
Rupert is poisoned.
You block Rupert's attack.
Unknown command.
You feel much better.
You are engulfed in poison gas.
You are more poisoned.
You feel extremely sick.
Rupert looks even sicker.
You block Rupert's attack.
You feel better.
You are engulfed in poison gas.
You are poisoned.
You feel very sick.
Rupert is engulfed in poison gas.
Rupert looks even sicker.
Rupert hits you but does no damage.
Rupert is engulfed in poison gas.
Rupert looks as sick as possible!
Rupert completely misses you.
Unknown command.
You feel protected.
You feel very sick.
Rupert is engulfed in poison gas.
Rupert looks as sick as possible!
Rupert hits you with a +0 triple sword of flaming!!
* * * LOW HITPOINT WARNING * * *
Rupert burns you.
* * * LOW HITPOINT WARNING * * *
You feel better.
Rupert is engulfed in poison gas.
Rupert looks as sick as possible!
Rupert hits you with a +0 triple sword of flaming!!!
You die...

.......# ###..##.# #
#.....###.......###P
#....#☼..#.#....P.
#....§....##......
###.§.#..####.....
###§####.## ##...#
#.§○# #..###....#
#######P§○#
##..##..P..
###.#§..@@§##
#†#...####
#.§§§##§§### ##...##
##..#.####
###.....##
.......####
###........##
..#.<..
#...####....# #....#
### ## ##.#.###...P#
#####
#..##.###.####...###
#....#.#.## #..###
#.....# #.##


You could see Rupert (berserk, extremely poisoned).

Vanquished Creatures
  Gastronok (Lair:2)
  2 tengu warriors (D:12)
  2 two-headed ogres
  Urug (Lair:1)
  A wizard (D:11)
  3 cyclopes
  A merfolk siren (Lair:2)
  10 elephants (Lair:3)
  Joseph (D:8)
  A black mamba (shapeshifter) (D:11)
  3 cane toads (Lair:1)
  Psyche (D:12)
  Maggie (D:10)
  2 komodo dragons (D:10)
  3 merfolk (Lair:2)
  2 trolls
  4 blink frogs (Lair:1)
  4 slime creatures (D:12)
  3 shadows
  Sigmund (D:2)
  20 yaks
  2 wyverns
  4 vampire mosquitoes (D:12)
  A steam dragon (D:8)
  Menkaure (D:5)
  6 acid dragons
  3 nagas (Lair:2)
  5 water moccasins
  Edmund (D:3)
  2 black bears
  An ice beast (D:6)
  6 orc warriors
  A sky beast (D:6)
  11 wolves (Lair:1)
  5 centaurs
  An ogre (D:10)
  A kobold brigand (D:10)
  A gnoll sergeant (D:11)
  5 bullfrogs
  2 scorpions
  8 wights
  22 killer bees
  A howler monkey (D:11)
  2 hounds
  7 orc priests
  Crazy Yiuf (D:3)
  A gnoll bouda (D:8)
  17 orc wizards
  An iguana (D:5)
  7 gnolls
  13 adders
  3 river rats (Sewer)
  A shadow imp (D:5)
  2 white imps (D:6)
  2 ufetubi
  4 worms
  2 dart slugs
  71 orcs
  14 ball pythons
  5 bats
  5 endoplasms
  3 giant cockroaches
  11 goblins
  9 hobgoblins
  11 jackals
  6 quokkas
  6 frilled lizards
  17 kobolds
  12 rats
390 creatures vanquished.

Vanquished Creatures (others)
  A boulder beetle (D:11)
  5 fungi
  10 plants
16 creatures vanquished.

Grand Total: 406 creatures vanquished

Notes
Turn   | Place    | Note
-------+----------+-------------------------------------------
     0 | D:1      | Iniera the Hill Orc Fighter began the quest for the Orb.
     0 | D:1      | Reached XP level 1. HP: 19/19 MP: 1/1
    89 | D:1      | Reached XP level 2. HP: 26/26 MP: 2/2
   394 | D:1      | Reached XP level 3. HP: 31/31 MP: 3/3
   439 | D:1      | Found a bloodstained altar of Trog.
   880 | D:2      | Reached XP level 4. HP: 33/39 MP: 4/4
  1026 | D:2      | Reached skill level 5 in Maces & Flails
  1075 | D:2      | Noticed Sigmund
  1086 | D:2      | Killed Sigmund
  1087 | D:2      | Reached XP level 5. HP: 37/45 MP: 5/5
  1087 | D:2      | Reached XP level 6. HP: 42/51 MP: 6/6
  1322 | D:2      | Found a basalt altar of Yredelemnul.
  1582 | D:2      | You fall into a shaft and drop 2 floors!
  1670 | D:4      | Noticed Edmund
  1694 | D:3      | Killed Edmund
  1908 | D:3      | Found Zatuff's Assorted Antiques.
  1924 | D:3      | Reached XP level 7. HP: 33/59 MP: 7/7
  2062 | D:3      | Bought 2 puce potions for 48 gold pieces
  2062 | D:3      | Bought a scroll labelled QEPNOH MOWOUDWU for 27 gold pieces
  2237 | D:3      | Found Eddoatuz's Magic Scroll Shoppe.
  2249 | D:3      | Found Wyossor's Magic Scroll Emporium.
  2419 | D:3      | Found Ikass's Jewellery Emporium.
  2559 | D:3      | Found a runed translucent door.
  2560 | D:3      | Noticed Crazy Yiuf
  2578 | D:3      | Killed Crazy Yiuf
  2816 | D:3      | Found Cealyorgh's Jewellery Shoppe.
  3134 | D:4      | Reached skill level 1 in Invocations
  3161 | D:4      | Reached skill level 5 in Fighting
  3248 | D:4      | Identified the +0 leather armour of Hedge Wizardry {rC+}
  3409 | D:5      | Entered Level 5 of the Dungeon
  3526 | D:5      | Reached XP level 8. HP: 67/68 MP: 9/9
  3839 | D:5      | Noticed Menkaure
  3850 | D:5      | Killed Menkaure
  4311 | D:6      | Reached skill level 5 in Armour
  4713 | D:6      | Found a glowing drain.
  4728 | Sewer    | Entered a sewer
  5610 | D:6      | Noticed a yak
  5612 | D:6      | Noticed a yak
  5633 | D:6      | Killed a yak
  5643 | D:6      | Noticed a yak
  5647 | D:6      | Noticed a yak
  5648 | D:6      | Noticed a yak
  5648 | D:6      | Noticed a yak
  5663 | D:6      | Killed a yak
  5664 | D:6      | Reached XP level 9. HP: 21/78 MP: 11/11
  5669 | D:6      | Reached skill level 10 in Maces & Flails
  6543 | D:6      | Found a sacrificial altar of Ru.
  6872 | D:7      | Found Qilarani's Assorted Antiques.
  6879 | D:7      | Bought a potion of heal wounds for 130 gold pieces
  6879 | D:7      | Bought a red potion for 23 gold pieces
  6943 | D:7      | HP: 4/81 [poisoned by a killer bee]
  6948 | D:7      | HP: 4/81 [killer bee (1)]
  6950 | D:7      | Reached XP level 10. HP: 14/88 MP: 12/12
  7174 | D:7      | Found a burning altar of Makhleb.
  7192 | D:7      | Found a glowing golden altar of the Shining One.
  7192 | D:7      | Found a sparkling altar of Nemelex Xobeh.
  7194 | D:7      | Became a worshipper of Makhleb the Destroyer
  7372 | D:7      | Found a staircase to the Ecumenical Temple.
  7747 | D:8      | Found a staircase to the Lair.
  8186 | D:8      | Found an opulent altar of Gozag.
  8540 | D:8      | Noticed Joseph
  8565 | D:8      | Killed Joseph
  8991 | D:9      | Reached skill level 5 in Invocations
  9215 | D:9      | Reached * piety under Makhleb
  9607 | D:9      | Noticed a two-headed ogre
  9616 | D:9      | Killed a two-headed ogre
  9882 | D:9      | Reached skill level 10 in Fighting
 10200 | D:10     | Entered Level 10 of the Dungeon
 10207 | D:10     | Reached XP level 11. HP: 90/99 MP: 13/16
 10533 | D:10     | Noticed a cyclops
 10544 | D:10     | Killed a cyclops
 10744 | D:10     | Reached ** piety under Makhleb
 11048 | D:10     | Noticed Maggie
 11074 | D:10     | Killed Maggie
 11239 | D:10     | Reached skill level 1 in Evocations
 11646 | D:11     | Found a transporter.
 11646 | D:11     | Noticed a manticore
 11647 | D:11     | Noticed a centaur warrior
 11647 | D:11     | Noticed Likado's ghost (journeyman TeSu)
 11647 | D:11     | Noticed a tengu reaver
 11647 | D:11     | Noticed a manticore
 11648 | D:11     | Found a transporter.
 11650 | D:11     | Noticed a boulder beetle
 11677 | D:11     | Noticed a two-headed ogre
 11686 | D:11     | Killed a two-headed ogre
 11687 | D:11     | Reached skill level 1 in Dodging
 11697 | D:11     | Noticed a cyclops
 11704 | D:11     | Killed a cyclops
 11895 | D:11     | Noticed a boulder beetle
 11896 | D:11     | Noticed a wizard
 11897 | D:11     | Noticed a cyclops
 11904 | D:11     | Killed a wizard
 11909 | D:11     | Reached skill level 10 in Armour
 11920 | D:11     | Killed a boulder beetle
 11925 | D:11     | Killed a cyclops
 11936 | D:11     | Identified the +0 scale mail "Ecuycull" {rC+ Dex+6}
 12714 | D:11     | Found a staircase to the Orcish Mines.
 12816 | D:12     | Noticed Psyche
 12829 | D:12     | Killed Psyche
 12999 | D:12     | Noticed a tengu warrior
 13001 | D:12     | Noticed a tengu warrior
 13017 | D:12     | Killed a tengu warrior
 13019 | D:12     | Killed a tengu warrior
 13020 | D:12     | Reached XP level 12. HP: 97/110 MP: 15/18
 13153 | D:12     | Found a gate leading to a gauntlet.
 13245 | D:12     | Found a white marble altar of Elyvilon.
 13306 | D:12     | Found a portal to a secret trove of treasure.
 13330 | D:12     | Identified the +1 robe of Howling Wind {+Blink +Inv}
 13681 | D:13     | Noticed an azure jelly
 13681 | D:13     | Noticed an azure jelly
 13681 | D:13     | Found a runed translucent gate.
 13681 | D:13     | Found a runed translucent gate.
 13794 | Lair:1   | Entered Level 1 of the Lair of Beasts
 13902 | Lair:1   | Reached *** piety under Makhleb
 14122 | Lair:1   | Reached skill level 10 in Invocations
 14228 | Lair:1   | Noticed Urug
 14260 | Lair:1   | Killed Urug
 14794 | Lair:2   | Noticed Gastronok
 14809 | Lair:2   | Killed Gastronok
 14990 | Lair:2   | Found a runed translucent gate.
 14990 | Lair:2   | Found a runed translucent gate.
 15109 | Lair:2   | Found a staircase to the Shoals.
 15514 | Lair:2   | Found a staircase to the Snake Pit.
 15611 | Lair:2   | Reached XP level 13. HP: 119/119 MP: 21/21
 15626 | Lair:2   | Found a runed translucent gate.
 15626 | Lair:2   | Noticed Palms's ghost (journeyman DrCj)
 16095 | Lair:3   | Reached **** piety under Makhleb
 16173 | Lair:3   | Identified the scarf of Qazlal's Castigation {harm, Dex+2}
 16213 | Lair:3   | Noticed Rupert
 16233 | Lair:3   | Slain by Rupert

Illustrated notes

Levels and vault maps discovered:
D:1:      psy_arrival_heroes, layout_loops_ring, minmay_hexomino_r4
D:2:      layout_loops_ring, basic_altar, minmay_stone_trees_medium,
          uniq_sigmund
D:3:      layout_basic, serial_shops, shop,
          nicolae_shop_temple_entry_statues_fountains, nicolae_lakefront_shop,
          nicolae_shop_hallway_stairs, shop, minmay_quantized,
          uniq_crazy_yiuf_cottage
D:4:      layout_rooms, uniq_edmund
D:5:      layout_loops_ring, uniq_menkaure
D:6:      layout_loops_ring, nicolae_ru_great_annihilating_truth,
          cheibrodos_sewer_entry_drain, grunt_decor_resistance
D:7:      layout_basic, gammafunk_temple_overflow_forgotten,
          minmay_temple_entry_nine_rooms, enter_bailey_3, serial_shops,
          nicolae_shop_advertising_works [nicolae_subvault_shop_adworks]
D:8:      layout_basic, general_overflow_altar, lair_entry_dummy,
          kennysheep_cross_bottleneck, uniq_joseph
D:9:      layout_cave_pods, serial_column_ruins, column_ruins_grid_3,
          column_ruins_open_tiny, column_ruins_corridor_corner,
          column_ruins_open_tiny, column_ruins_corridor_corner
D:10:     layout_loops_corners, special_room [special_room_orc], uniq_maggie
D:11:     minmay_bloctagon_deflated, layout_basic, orc_0_dummy,
          gammafunk_ghost_arena
D:12:     layout_stronghold, gauntlet_entry_generic,
          nicolae_trove_entry_isolated, elyvilon_altar_1, uniq_psyche
D:13:     layout_cave_pools, gammafunk_ghost_ooze, kennysheep_okawaru_gauntlet
Lair:1:   layout_roguey, uniq_urug
Lair:2:   layout_roguey, elwin_shoals_entry_stream,
          minmay_snake_entry_guardpost_small, ebering_ghost_rock_garden,
          grunt_megastairs_3, uniq_gastronok
Lair:3:   layout_layer_cave, minmay_holes, patterned_corridor,
          serial_bayou_shore_b, uniq_rupert

Skill      XL: |  1  2  3  4  5  6  7  8  9 10 11 12 13 |
---------------+----------------------------------------+-----
Maces & Flails | 3 4 6 7 8 9 11 12 13 | 13.9
Fighting       | 4 5 6 8 10 11 12 13 | 13.1
Armour         | 4 5 7 9 10 11 12 | 12.0
Invocations    | 1 3 7 9 11 | 11.6
Evocations     | 2 |  2.4
Dodging        | 2 3 |  3.9
Shields        | |  3.2

Action                     |  1- 3 |  4- 6 |  7- 9 | 10-12 | 13-15 || total
---------------------------+-------+-------+-------+-------+-------++-------
  Melee: Flail             |    98 |    82 |   310 |    40 |       ||   530
         Whip              |       |    51 |   311 |   253 |       ||   615
         War axe           |       |       |       |   519 |    67 ||   586
  Throw: Throwing net      |       |       |       |     2 |       ||     2
 Invoke: Minor Destruction |       |       |       |     4 |       ||     4
    Use: Scroll            |     2 |     2 |     7 |     9 |     1 ||    21
         Potion            |       |       |     5 |    11 |     4 ||    20
   Stab: Paralysed         |       |       |     1 |       |       ||     1
         Invisible         |       |       |       |     9 |       ||     9
 Armour: Scale mail        |    35 |       |       |       |       ||    35
         Plate armour      |    68 |    88 |   328 |   641 |   129 ||  1254
         Skin              |       |       |       |    11 |       ||    11
  Dodge: Dodged            |    47 |    47 |   130 |   254 |    41 ||   519
  Block: Buckler           |    25 |    21 |    91 |    86 |       ||   223
         Kite shield       |       |       |       |   182 |    73 ||   255

Table legend: (Time is in decaauts)
 A = Elapsed time spent in this place.
 B = Non-inter-level travel time spent in this place.
 C = Inter-level travel time spent in this place.
 D = Time resting spent in this place.
 E = Time spent auto-exploring this place.
 F = Levels seen in this place.
 G = Mean time per level.
                   A        B        C        D        E       F      G
               +--------+--------+--------+--------+--------+-----+--------+
         Total |  16181 |  15729 |    452 |    823 |  11923 |  17 |  951.8 |
       Dungeon |  12890 |  12478 |    412 |    823 |   9295 |  13 |  991.5 |
          Lair |   2449 |   2409 |     40 |      0 |   1939 |   3 |  816.3 |
         Sewer |    841 |    841 |      0 |      0 |    688 |   1 |  841.0 |
               +--------+--------+--------+--------+--------+-----+--------+

Top non-repeatable levels by time:
    D:10: 1682 daAuts
     D:6: 1597 daAuts
     D:3: 1334 daAuts
     D:9: 1299 daAuts
  Lair:2: 1113 daAuts
     D:8: 1081 daAuts
     D:5: 1046 daAuts
  Lair:1: 1007 daAuts
    D:12: 987 daAuts
    D:11: 946 daAuts
     D:1: 877 daAuts
     D:7: 869 daAuts
   Sewer: 841 daAuts
     D:2: 740 daAuts
     D:4: 426 daAuts
